 Dungeon Crawl Stone Soup version 0.24.0-13-gcf9b319 (webtiles) character file.

Game seed: 12416886699926561833, levelgen mode: deterministic

35 Bronimir the Caller (level 3, 0/25 HPs)
             Began as a Barachi Summoner on Mar 10, 2020.
             Slain by an adder (2 damage)
             ... on level 2 of the Dungeon.
             The game lasted 00:03:42 (1559 turns).

Bronimir the Caller (Barachi Summoner)              Turns: 1559, Time: 00:03:42

Health: 0/25       AC:  3    Str: 10    XL:     3   Next: 35%
Magic:  1/6        EV: 12    Int: 15    God:
Gold:   75         SH:  0    Dex: 12    Spells: 3/6 levels left

rFire    . . .     SeeInvis .   g - +0 whip
rCold    . . .     Gourm    .   (no shield)
rNeg     . . .     Faith    .   a - +0 robe
rPois    .         Spirit   .   (no helmet)
rElec    .         Reflect  .   (no cloak)
rCorr    .         Harm     .   (no gloves)
MR       .....                  o - +0 pair of boots
Stlth    ++........             (no amulet)
HPRegen  0.08/turn              (no ring)
MPRegen  0.10/turn              (no ring)

@: lethally poisoned (0 -> -8), slowed, very slow
A: +LOS, swims, slowness 1, strong legs 1
a: Hop


You were on level 2 of the Dungeon.
You were hungry.

You visited 1 branch of the dungeon, and saw 2 of its levels.

You collected 75 gold pieces.

Inventory:

Hand Weapons
 g - a +0 whip (weapon)
 n - a +0 dagger
Missiles
 b - 46 stones (quivered)
 j - 32 arrows
Armour
 a - a +0 robe (worn)
 o - a +0 pair of boots (worn)
Scrolls
 f - a scroll of enchant armour {unknown}
 h - a scroll of immolation {unknown}
 k - a scroll of blinking {unknown}
 m - 3 scrolls of remove curse {unknown}
Potions
 d - a potion of mutation {unknown}
 e - a potion of curing {unknown}
 i - a potion of resistance {unknown}
 l - a potion of lignification {unknown}
 p - a potion of cancellation {unknown}
Comestibles
 c - 2 rations
 q - 2 chunks of flesh


   Skills:
 + Level 0.5 Fighting
 + Level 0.8 Maces & Flails
 * Level 1.2 Armour
 + Level 2.3 Dodging
 - Level 1.7 Stealth
 + Level 0.2 Unarmed Combat
 + Level 2.2 Spellcasting
 * Level 5.4 Summonings


You had 3 spell levels left.
You knew the following spells:

 Your Spells              Type           Power        Failure   Level  Hunger
a - Summon Small Mammal   Summ           ###.         2%          1    #......
b - Call Imp              Summ           ###.....     3%          2    ###....

Your spell library contained the following spells:

 Spells                   Type           Power        Failure   Level  Hunger
 Call Canine Familiar     Summ           ###.....     7%          3    ###....
 Summon Guardian Golem    Hex/Summ       #.......     22%         3    ###....
 Summon Ice Beast         Ice/Summ       #.......     56%         4    #####..
 Summon Lightning Spire   Summ/Air       #.......     56%         4    #####..


Dungeon Overview and Level Annotations

Branches:
Dungeon (2/15)

Altars:
The Shining One

Annotations:
D:2 Natasha


Innate Abilities, Weirdness & Mutations

Shadows flee at your approach. (+LOS)
You can swim through water.
You cover ground slowly.
You can hop short distances.


Message History

Natasha barely misses your rat.
You swap places.
* * * LOW HITPOINT WARNING * * *
You feel sick.
Your bat hits the adder but does no damage.
Your white imp closely misses the adder.
Your crimson imp closely misses Natasha.
The adder bites you.
* * * LOW HITPOINT WARNING * * *
You are more poisoned.
The adder poisons you! Natasha casts a spell at you.
Your white imp resists with significant effort.
Your crimson imp blinks!
Your rat bites Natasha but does no damage.
* * * LOW HITPOINT WARNING * * *
You feel sick.
Your bat misses the adder. Natasha claws your white imp.
Your white imp gestures at Natasha.
The puff of frost hits Natasha!
The adder bites you.
You die...

.. #.......## ......#
...#####.....#.#####......#
##........................#
.........####.##...#......#
..>.......###......#......#
...>......†........§h.....#
...............5..†5r......
...........................
..........#%....@S.........
...$.............Sb........
..............5............
...........................
......#.)..........$.......
...........................
#####.....................
..<.............?.....
###....................


You could see Natasha, 2 adders, 2 friendly crimson imps, a friendly white imp,
a friendly bat and a friendly rat.

Vanquished Creatures
  A dart slug (D:1)
  A giant cockroach (D:1)
  5 goblins
  2 hobgoblins (D:1)
  2 kobolds (D:1)
  A quokka (D:2)
  3 bats
  2 frilled lizards (D:1)
  2 rats (D:1)
19 creatures vanquished.

Vanquished Creatures (collateral kills)
  An adder (D:2)
  2 dart slugs
  3 bats
  A goblin (D:1)
  A hobgoblin (D:1)
  A kobold (D:1)
  A rat (D:1)
10 creatures vanquished.

Grand Total: 29 creatures vanquished

Notes
Turn   | Place    | Note
-------+----------+-------------------------------------------
     0 | D:1      | Bronimir the Barachi Summoner began the quest for the Orb.
     0 | D:1      | Reached XP level 1. HP: 13/13 MP: 3/3
    33 | D:1      | Reached skill level 5 in Summonings
   390 | D:1      | Reached XP level 2. HP: 15/19 MP: 1/5
   620 | D:1      | Learned a level 2 spell: Call Imp
   896 | D:1      | Reached skill level 1 in Armour
  1177 | D:1      | Reached XP level 3. HP: 18/25 MP: 6/6
  1490 | D:2      | Found a glowing golden altar of the Shining One.
  1554 | D:2      | Noticed Natasha
  1559 | D:2      | Slain by an adder

Levels and vault maps discovered:
D:1:      dpeg_arrival_long_road, layout_loops_ring, minmay_split_cup_small
D:2:      layout_rooms, nicolae_tso_swordbearing_angel, old_standard_altar,
          uniq_natasha

Skill      XL: |  1  2 |
---------------+-------+-----
Summonings     | 5 |  5.4
Armour         | 1 |  1.2
Fighting       | |  0.5
Maces & Flails | |  0.8
Dodging        | |  2.3
Stealth        | |  1.7
Unarmed Combat | |  0.2
Spellcasting   | |  2.2

Action                   || total
-------------------------++-------
Melee: Whip              ||    82
       Unarmed           ||     7
 Cast: Summon Small Mamm ||    11
       Call Imp          ||    12
 Abil: Hop               ||     1
 Stab: Sleeping          ||     2
  Eat: Chunk             ||     3
Armor: Robe              ||    37
Dodge: Dodged            ||    98
